 Dungeon Crawl Stone Soup version 0.25-a0-496-g8c4878dea3 (webtiles) character file.

Game seed: 2451590478210573316, levelgen mode: deterministic

55 Emblim88 the Sneak (level 3, 0/18 HPs)
             Began as a Spriggan Assassin on Feb 12, 2020.
             Succumbed to an adder's poison
             ... on level 2 of the Dungeon.
             The game lasted 00:02:47 (1225 turns).

Emblim88 the Sneak (Spriggan Assassin)              Turns: 1225, Time: 00:02:47

Health: 0/18       AC:  3    Str:  7    XL:     3   Next: 67%
Magic:  4/4        EV: 18    Int: 12    God:
Gold:   68         SH:  0    Dex: 18    Spells: 2/2 levels left

rFire    . . .     SeeInvis +   o - +1 dagger (protect)
rCold    . . .     Gourm    .   (shield restricted)
rNeg     . . .     Faith    .   b - +0 robe
rPois    .         Spirit   .   (helmet restricted)
rElec    .         Reflect  .   c - +0 cloak
rCorr    .         Harm     .   (gloves unavailable)
MR       .....                  (boots unavailable)
Stlth    ++++......             (no amulet)
HPRegen  0.06/turn              (no ring)
MPRegen  0.09/turn              (no ring)

@: lethally poisoned (0 -> -3), very slightly contaminated, invisible, very
quick
A: very small, unfitting armour, see invisible, herbivore, speed 3, slow
metabolism 2
a: no special abilities


You were on level 2 of the Dungeon.
You were not hungry.

You visited 1 branch of the dungeon, and saw 2 of its levels.

You collected 68 gold pieces.

Inventory:

Hand Weapons
 a - a +2 dagger
 o - a +1 dagger of protection (weapon)
Missiles
 d - 7 poisoned darts (quivered)
 e - 2 curare-tipped darts
Armour
 b - a +0 robe (worn)
 c - a +0 cloak (worn)
Scrolls
 h - a scroll of fog {unknown}
 i - a scroll of noise
 l - a scroll of amnesia
Potions
 j - a potion of lignification
 k - a potion of flight
 m - 2 potions of invisibility
 n - a potion of heal wounds {unknown}
Comestibles
 f - 3 rations


   Skills:
 + Level 2.0 Fighting
 + Level 2.8 Short Blades
 + Level 2.3 Throwing
 + Level 2.5 Dodging
 * Level 6.6 Stealth


You had 2 spell levels left.
You didn't know any spells.
Your spell library was empty.

Dungeon Overview and Level Annotations

Branches:
Dungeon (2/15)

Altars:


Innate Abilities, Weirdness & Mutations

You are very small and have problems with some larger weapons.
You are too small for most types of armour.
You have supernaturally acute eyesight. (SInv)
You are a herbivore.
You cover ground extremely quickly.
You need to consume almost no food.


Message History

You hit the adder.
You kill the adder!
Your Fighting skill increases to level 2!
* * * LOW HITPOINT WARNING * * *
You feel sick.
You see here a poisoned dart.
There is a lethal amount of poison in your body!
There is a lethal amount of poison in your body!
It was a potion of invisibility.
You fade into invisibility!
You are very lightly contaminated with residual magic.
* * * LOW HITPOINT WARNING * * *
You feel sick.
* * * LOW HITPOINT WARNING * * *
You feel sick.
* * * LOW HITPOINT WARNING * * *
You feel sick.
* * * LOW HITPOINT WARNING * * *
You feel sick.
You die...

#.... #.=.# #...##
.... ... # #.#
##.####.#
#.....@.#
......####.#
.##...####.#####.#
................#
.......#....######
#. #. ####.## #
### #...#
##.###..)###
#..........##


There were no monsters in sight!

Vanquished Creatures
  An adder (D:2)
  3 dart slugs (D:1)
  4 leopard geckos (D:1)
  6 bats (D:1)
  A giant cockroach (D:1)
  5 goblins
  3 hobgoblins
  5 frilled lizards (D:1)
  4 kobolds (D:1)
  5 rats
37 creatures vanquished.

Notes
Turn   | Place    | Note
-------+----------+-------------------------------------------
     0 | D:1      | Emblim88 the Spriggan Assassin began the quest for the Orb.
     0 | D:1      | Reached XP level 1. HP: 10/10 MP: 2/2
    89 | D:1      | Reached skill level 6 in Stealth
   106 | D:1      | Reached XP level 2. HP: 6/15 MP: 3/3
   660 | D:1      | Reached XP level 3. HP: 18/18 MP: 4/4
  1225 | D:2      | Succumbed to an adder's poison

Levels and vault maps discovered:
D:1:      matt_arrival_los_fun, layout_basic
D:2:      layout_loops_ring, first_ration, kennysheep_another_room,
          nrook_loot_triangle, uniq_crazy_yiuf_cottage

Skill      XL: |  1  2  3 |
---------------+----------+-----
Stealth        | 6 |  6.6
Dodging        | 2 |  2.5
Fighting       | 2 |  2.0
Short Blades   | |  2.8
Throwing       | |  2.3

Action                   || total
-------------------------++-------
Melee: Dagger            ||   121
Throw: Dart              ||     1
  Use: Scroll            ||     4
       Potion            ||     1
 Stab: Sleeping          ||    14
Armor: Robe              ||    22
Dodge: Dodged            ||    83

Table legend:
 A = Non-vault XP
 B = Vault XP
 C = Vault XP percentage of total XP
 D = Non-vault monster count
 E = Vault monster count
 F = Vault count percentage of total count
                 A         B        C        D         E       F
            +---------+---------+-------+---------+---------+-------
      Total |      79 |       0 |   0.0 |      37 |       0 |   0.0
            +---------+---------+-------+---------+---------+-------
        D:1 |      59 |       0 |   0.0 |      32 |       0 |   0.0
        D:2 |      20 |       0 |   0.0 |       5 |       0 |   0.0
            +---------+---------+-------+---------+---------+-------
